SAA
ATHLETIC CLUB KC ACADEMY @ MINNESOTA LOONS
07/27/2029
 
TOP OF THE 1ST
Athletic Club KC Academy batting - Pitching for Minnesota Loons : LHP Steve Tedder
Pitching: LHP Steve Tedder
Batting: RHB Tae-kyun Chon 0-0: Ball
1-0: SINGLE (Line Drive, 56D)
Batting: RHB Colin Bottone 0-0: Ball
1-0: Ball
2-0: Fielders Choice at 2nd, 4-6 (Groundball, 4)
Batting: LHB Ramón Morterero 0-0: Ball
1-0: Ball
2-0: Called Strike
2-1: Fly out, F8 (Flyball, 89M)
Batting: RHB Roger Caffyn 0-0: Called Strike
Colin Bottone is caught stealing 2nd base
Top of the 1st over - 0 runs, 1 hit, 0 errors, 0 left on base; Athletic Club KC Academy 0 - Minnesota 0
BOTTOM OF THE 1ST
Minnesota Loons batting - Pitching for Athletic Club KC Academy : RHP Ton Jobse
Pitching: RHP Ton Jobse
Batting: SHB António Zúñiga 0-0: Called Strike
0-1: Ball
1-1: Ground out 5-3 (Groundball, 5)
Batting: RHB Germán Espantoso 0-0: Ground out 1-3 (Groundball, 13)
Batting: RHB Isuru Tanaka 0-0: Called Strike
0-1: Ball
1-1: Swinging Strike
1-2: Ground out 6-3 (Groundball, 6)
Bottom of the 1st over - 0 runs, 0 hits, 0 errors, 0 left on base; Athletic Club KC Academy 0 - Minnesota 0
TOP OF THE 2ND
Athletic Club KC Academy batting - Pitching for Minnesota Loons : LHP Steve Tedder
Batting: RHB Roger Caffyn 0-0: Foul Ball, location: 2F
0-1: Called Strike
0-2: Ball
1-2: Ball
2-2: Ball
3-2: Fly out, F9 (Flyball, 9)
Batting: LHB Kwang-chih Feng 0-0: SINGLE (Line Drive, 8RS)
Batting: RHB Troy Whitehurst 0-0: Foul Ball, location: 2F
0-1: Ball
1-1: Fly out, F7 (Flyball, 7LSF)
Batting: RHB Dewey Nauss 0-0: Called Strike
0-1: Ball
1-1: Called Strike
1-2: Ball
2-2: Strikes out swinging
Top of the 2nd over - 0 runs, 1 hit, 0 errors, 1 left on base; Athletic Club KC Academy 0 - Minnesota 0
BOTTOM OF THE 2ND
Minnesota Loons batting - Pitching for Athletic Club KC Academy : RHP Ton Jobse
Batting: RHB Joe Dundee 0-0: Ball
1-0: Ball
2-0: Called Strike
2-1: SINGLE (Groundball, 34D)
Batting: RHB José Mercado 0-0: Ball
1-0: Ball
2-0: Swinging Strike
2-1: Swinging Strike
2-2: Strikes out looking
Batting: LHB Alfredo Arévalo 0-0: Foul Ball, location: 2F
0-1: Ball
1-1: Swinging Strike
Joe Dundee is caught stealing 2nd base
1-2: Fly out, F5 (Popup, 5D)
Bottom of the 2nd over - 0 runs, 1 hit, 0 errors, 0 left on base; Athletic Club KC Academy 0 - Minnesota 0
TOP OF THE 3RD
Athletic Club KC Academy batting - Pitching for Minnesota Loons : LHP Steve Tedder
Batting: RHB Fernando Rodríguez 0-0: Called Strike
0-1: Called Strike
0-2: Strikes out swinging
Batting: LHB Takayuki Yoshikawa 0-0: Ball
1-0: Ground out 5-3 (Groundball, 56S)
Batting: RHB Tae-kyun Chon 0-0: Ball
1-0: Ground out 5-3 (Groundball, 56)
Top of the 3rd over - 0 runs, 0 hits, 0 errors, 0 left on base; Athletic Club KC Academy 0 - Minnesota 0
BOTTOM OF THE 3RD
Minnesota Loons batting - Pitching for Athletic Club KC Academy : RHP Ton Jobse
Batting: RHB Jorge Echevarría 0-0: Called Strike
0-1: Swinging Strike
0-2: Ball
1-2: Ground out 5-3 (Groundball, 25)
Batting: RHB Joaquín Villarreal 0-0: Ball
1-0: Foul Ball, location: 2F
1-1: Ground out 3-1 (Groundball, 2R)
Batting: RHB Dhyana Snigdha 0-0: Ball
1-0: Ball
2-0: Foul Ball, location: 2F
2-1: SINGLE (Line Drive, 6D)
Batting: SHB António Zúñiga 0-0: Ball
1-0: SINGLE (Line Drive, 89M)
Dhyana Snigdha to second
Runner from 2nd tries for 3rd, SAFE, no throw
Batting: RHB Germán Espantoso 0-0: Called Strike
0-1: Foul Ball, location: 2F
0-2: Foul Ball, location: 2F
0-2: Ball
1-2: Ball
2-2: Fielders Choice at 2nd, 5-4 (Groundball, 5)
Bottom of the 3rd over - 0 runs, 2 hits, 0 errors, 2 left on base; Athletic Club KC Academy 0 - Minnesota 0
TOP OF THE 4TH
Athletic Club KC Academy batting - Pitching for Minnesota Loons : LHP Steve Tedder
Batting: RHB Colin Bottone 0-0: Ball
1-0: Ball
2-0: Swinging Strike
2-1: Foul Ball, location: 2F
2-2: Strikes out swinging, 2-3 out at first.
Batting: LHB Ramón Morterero 0-0: Fly out, F9 (Flyball, 89S)
Batting: RHB Roger Caffyn 0-0: Called Strike
0-1: Foul Ball, location: 2F
0-2: Strikes out looking
Top of the 4th over - 0 runs, 0 hits, 0 errors, 0 left on base; Athletic Club KC Academy 0 - Minnesota 0
BOTTOM OF THE 4TH
Minnesota Loons batting - Pitching for Athletic Club KC Academy : RHP Ton Jobse
Batting: RHB Isuru Tanaka 0-0: Swinging Strike
0-1: Ball
1-1: Ball
2-1: SINGLE (Line Drive, 6M)
Batting: RHB Joe Dundee 0-0: Called Strike
0-1: SINGLE (Flyball, 5D)
Isuru Tanaka to second
Batting: RHB José Mercado 0-0: Called Strike
0-1: Ball
1-1: Ball
2-1: Ball
3-1: SINGLE (Flyball, 7S)
Isuru Tanaka to third
Joe Dundee to second
Runner from 3rd tries for Home, SAFE, no throw
Batting: LHB Alfredo Arévalo 0-0: Called Strike
0-1: Fielders Choice at 2nd, 5-4 (Groundball, 56)
Joe Dundee to third
Batting: RHB Jorge Echevarría 0-0: Called Strike
0-1: Ball
1-1: Foul Ball, location: 2F
1-2: Foul Ball, location: 2F
1-2: Foul Ball, location: 2F
1-2: Foul Ball, location: 2F
1-2: Ball
2-2: Foul Ball, location: 2F
2-2: Ball
3-2: Fly out, F8 (Flyball, 78M)
Runner from 3rd tags up, SCORES, throw made
Batting: RHB Joaquín Villarreal 0-0: SINGLE (Line Drive, 78S)
Alfredo Arévalo to second
Runner from 2nd tries for 3rd, SAFE, throw made to third
Batting: RHB Dhyana Snigdha 0-0: Called Strike
0-1: Ball
1-1: Foul Ball, location: 2F
1-2: Ball
2-2: Strikes out looking
Bottom of the 4th over - 2 runs, 4 hits, 0 errors, 2 left on base; Athletic Club KC Academy 0 - Minnesota 2
TOP OF THE 5TH
Athletic Club KC Academy batting - Pitching for Minnesota Loons : LHP Steve Tedder
Batting: LHB Kwang-chih Feng 0-0: Called Strike
0-1: Called Strike
0-2: Foul Ball, location: 2F
0-2: Foul Ball, location: 2F
0-2: Strikes out swinging
Batting: RHB Troy Whitehurst 0-0: Ball
1-0: Called Strike
1-1: Fly out, F8 (Flyball, 8LS)
Batting: RHB Dewey Nauss 0-0: Ball
1-0: Called Strike
1-1: Foul Ball, location: 2F
1-2: Ball
2-2: Ball
3-2: Ground out 5-3 (Groundball, 56)
Top of the 5th over - 0 runs, 0 hits, 0 errors, 0 left on base; Athletic Club KC Academy 0 - Minnesota 2
BOTTOM OF THE 5TH
Minnesota Loons batting - Pitching for Athletic Club KC Academy : RHP Ton Jobse
Batting: SHB António Zúñiga 0-0: Called Strike
0-1: Ball
1-1: Foul Ball, location: 2F
1-2: Ball
2-2: Ball
3-2: Foul Ball, location: 2F
3-2: Base on Balls
Batting: RHB Germán Espantoso 0-0: Called Strike
António Zúñiga steals 2nd base
0-1: Ball
1-1: Foul Ball, location: 2F
1-2: Strikes out swinging
Batting: RHB Isuru Tanaka 0-0: Ball
1-0: Fly out, F8 (Flyball, 8LM)
Batting: RHB Joe Dundee 0-0: Called Strike
0-1: Ball
1-1: Foul Ball, location: 2F
1-2: Ball
2-2: Foul Ball, location: 2F
2-2: Strikes out swinging
Bottom of the 5th over - 0 runs, 0 hits, 0 errors, 1 left on base; Athletic Club KC Academy 0 - Minnesota 2
TOP OF THE 6TH
Athletic Club KC Academy batting - Pitching for Minnesota Loons : LHP Steve Tedder
Batting: RHB Fernando Rodríguez 0-0: Ball
1-0: Ball
2-0: Fly out, F6 (Line Drive, 6MD)
Batting: LHB Takayuki Yoshikawa 0-0: Foul Ball, location: 2F
0-1: Ground out 5-3 (Groundball, 5D)
Batting: RHB Tae-kyun Chon 0-0: Ball
1-0: Ball
2-0: Ball
3-0: Base on Balls
Batting: RHB Colin Bottone 0-0: Called Strike
0-1: Ball
1-1: Ball
2-1: Ball
3-1: Swinging Strike
3-2: Foul Ball, location: 2F
3-2: Strikes out swinging
Top of the 6th over - 0 runs, 0 hits, 0 errors, 1 left on base; Athletic Club KC Academy 0 - Minnesota 2
BOTTOM OF THE 6TH
Minnesota Loons batting - Pitching for Athletic Club KC Academy : RHP Ton Jobse
Pitching: RHP Ernesto Lucero
Batting: RHB José Mercado 0-0: Ball
1-0: SOLO HOME RUN (Flyball, 8RXD), Distance : 433 ft
Batting: LHB Alfredo Arévalo 0-0: Called Strike
0-1: Ground out 4-3 (Groundball, 4)
Batting: RHB Jorge Echevarría 0-0: Called Strike
0-1: Ball
1-1: Fly out, F3 (Popup, 23F)
Batting: RHB Joaquín Villarreal 0-0: Fly out, F7 (Flyball, 78M)
Bottom of the 6th over - 1 run, 1 hit, 0 errors, 0 left on base; Athletic Club KC Academy 0 - Minnesota 3
TOP OF THE 7TH
Athletic Club KC Academy batting - Pitching for Minnesota Loons : LHP Steve Tedder
Batting: LHB Ramón Morterero 0-0: SINGLE (Line Drive, 89S)
Batting: RHB Roger Caffyn 0-0: Ball
Ramón Morterero steals 2nd base
1-0: Called Strike
1-1: Ball
2-1: Foul Ball, location: 2F
2-2: Ball
3-2: Fly out, F9 (Flyball, 9)
Batting: LHB Kwang-chih Feng 0-0: Called Strike
0-1: Swinging Strike
0-2: Foul Ball, location: 2F
0-2: Ball
1-2: Ground out 6-3 (Groundball, 6M)
Ramón Morterero to third
Batting: RHB Troy Whitehurst 0-0: Ball
1-0: Ground out 1-3 (Groundball, 15S)
Top of the 7th over - 0 runs, 1 hit, 0 errors, 1 left on base; Athletic Club KC Academy 0 - Minnesota 3
BOTTOM OF THE 7TH
Minnesota Loons batting - Pitching for Athletic Club KC Academy : RHP Ernesto Lucero
Batting: RHB Dhyana Snigdha 0-0: Called Strike
0-1: Swinging Strike
0-2: Fly out, F3 (Popup, 3SF)
Batting: SHB António Zúñiga 0-0: Ball
1-0: Ball
2-0: Swinging Strike
2-1: Ball
3-1: Base on Balls
Batting: RHB Germán Espantoso 0-0: Reached on error, E5 (Groundball, 56)
António Zúñiga to second
Batting: RHB Isuru Tanaka 0-0: Ball
1-0: Ball
2-0: Called Strike
2-1: Called Strike
2-2: Ball
3-2: Foul Ball, location: 2F
3-2: Base on Balls
António Zúñiga to third
Germán Espantoso to second
Batting: RHB Joe Dundee 0-0: Ball
1-0: Called Strike
1-1: Ball
2-1: Foul Ball, location: 2F
2-2: Ball
3-2: Base on Balls
António Zúñiga scores
Germán Espantoso to third
Isuru Tanaka to second
Pitching: RHP Andrés Martínez
Batting: RHB José Mercado 0-0: Grounds into fielders choice 4-2 (Groundball, 4)
Isuru Tanaka to third
Joe Dundee to second
Batting: LHB Alfredo Arévalo 0-0: Ball
1-0: Called Strike
1-1: Ball
2-1: Swinging Strike
2-2: Fly out, F8 (Flyball, 8LD)
Bottom of the 7th over - 1 run, 0 hits, 1 error, 3 left on base; Athletic Club KC Academy 0 - Minnesota 4
TOP OF THE 8TH
Athletic Club KC Academy batting - Pitching for Minnesota Loons : LHP Steve Tedder
Batting: RHB Dewey Nauss 0-0: Fly out, F7 (Flyball, 78D)
Batting: RHB Fernando Rodríguez 0-0: Foul Ball, location: 2F
0-1: Swinging Strike
0-2: Fly out, F9 (Flyball, 9)
Batting: LHB Takayuki Yoshikawa 0-0: Called Strike
0-1: Called Strike
0-2: Ball
1-2: Foul Ball, location: 2F
1-2: Ball
2-2: Ball
3-2: Strikes out swinging
Top of the 8th over - 0 runs, 0 hits, 0 errors, 0 left on base; Athletic Club KC Academy 0 - Minnesota 4
BOTTOM OF THE 8TH
Minnesota Loons batting - Pitching for Athletic Club KC Academy : RHP Andrés Martínez
Batting: RHB Jorge Echevarría 0-0: Ball
1-0: Called Strike
1-1: Fly out, F7 (Flyball, 7)
Batting: RHB Joaquín Villarreal 0-0: Called Strike
0-1: Foul Ball, location: 2F
0-2: Ball
1-2: Ball
2-2: Fly out, F8 (Flyball, 8LD)
Batting: RHB Dhyana Snigdha 0-0: Ball
1-0: SINGLE (Flyball, 89M)
Batting: SHB António Zúñiga 0-0: Foul Ball, location: 2F
0-1: Ball
1-1: Foul Ball, location: 2F
1-2: SINGLE (Groundball, 4) (infield hit)
Dhyana Snigdha to second
Batting: RHB Germán Espantoso 0-0: Called Strike
0-1: Fly out, F8 (Flyball, 8LS)
Bottom of the 8th over - 0 runs, 2 hits, 0 errors, 2 left on base; Athletic Club KC Academy 0 - Minnesota 4
TOP OF THE 9TH
Athletic Club KC Academy batting - Pitching for Minnesota Loons : LHP Steve Tedder
Batting: RHB Tae-kyun Chon 0-0: Ball
1-0: Ground out 5-3 (Groundball, 5)
Batting: RHB Colin Bottone 0-0: Ground out 5-3 (Groundball, 56S)
Batting: LHB Ramón Morterero 0-0: Ball
1-0: Called Strike
1-1: Ball
2-1: Ball
3-1: Base on Balls
Pitching: RHP Aubrey McCrimmon
Batting: RHB Roger Caffyn 0-0: Called Strike
0-1: Ball
1-1: Ball
2-1: Fly out, F8 (Flyball, 8RD)
Top of the 9th over - 0 runs, 0 hits, 0 errors, 1 left on base; Athletic Club KC Academy 0 - Minnesota 4
Tuesday, December 19th, 2017 - OOTP Baseball 18.8 Build 76